 Dungeon Crawl Stone Soup version 0.28.0-43-g3370ac3207 (webtiles) character file.

Game seed: 16717520971040116087

11039 nickcage the Fencer (level 11, -7/87 HPs)
             Began as a Minotaur Fighter on Mar 8, 2022.
             Was a Priest of Hepliaklqana.
             Mangled by a small abomination (13 damage)
             ... on level 1 of the Abyss.
             The game lasted 00:31:15 (12719 turns).

nickcage the Fencer (Minotaur Fighter)             Turns: 12719, Time: 00:31:15

Health: -7/87      AC: 30    Str: 32    XL:     11   Next: 44%
Magic:  10/10      EV:  8    Int:  5    God:    Hepliaklqana [***...]
Gold:   578        SH: 10    Dex:  9    Spells: 10/10 levels left

rFire   . . .      SeeInvis .   a - +2 long sword (venom)
rCold   . . .      Faith    .   c - +0 buckler
rNeg    + . .      Spirit   .   b - +9 plate armour "Keenep" {Harm rN+}
rPois   .          Reflect  +   (helmet restricted)
rElec   .          Harm     +   m - +1 cloak
rCorr   .          Rampage  .   d - +1 pair of gloves
Will    .....                   D - +0 pair of boots
Stlth   ..........              g - amulet of reflection
HPRegen 0.00/turn               l - +6 ring of strength
MPRegen 0.12/turn               (no ring)

@: sick
A: reduced essence, horns 2, retaliatory headbutt
a: Renounce Religion, Recall Ancestor, Ancestor Identity, Transference


You were on level 1 of the Abyss.
You worshipped Hepliaklqana.
Hepliaklqana was most pleased with you.
You visited 2 branches of the dungeon, and saw 12 of its levels.
You visited the Abyss 1 time.

You collected 578 gold pieces.

Inventory:

Hand Weapons
 a - a +2 long sword of venom (weapon)
 L - a +1 long sword of holy wrath
Missiles
 f - 8 boomerangs
 k - 37 poisoned darts (quivered)
 z - a throwing net
Armour
 b - the +9 plate armour "Keenep" (worn) {Harm rN+}
   (You found it on level 6 of the Dungeon)

   rN:        It protects you from negative energy.
   Harm:      It increases damage dealt and taken.
 c - a +0 buckler (worn)
 d - a +1 pair of gloves (worn)
 i - a +0 pair of gloves
 m - a +1 cloak (worn)
 B - a +3 ring mail of willpower
 D - a +0 pair of boots (worn)
Jewellery
 g - an amulet of reflection (around neck)
 l - a +6 ring of strength (left hand)
 o - a ring of fire
 y - a ring of ice
 H - an amulet of guardian spirit
 O - a ring of magical power
 P - a ring of ice
Wands
 n - a wand of digging (2)
 C - a wand of polymorph (10)
 K - a wand of paralysis (3)
Scrolls
 e - 2 scrolls of magic mapping
 j - a scroll of summoning {unknown}
 r - 7 scrolls of teleportation
 s - 2 scrolls of immolation
 v - 2 scrolls of blinking
 x - 3 scrolls of identify
 I - a scroll of amnesia {unknown}
 M - a scroll of fear
 N - a scroll of fog {unknown}
Potions
 h - a potion of brilliance {unknown}
 p - a potion of lignification {unknown}
 q - 3 potions of attraction {unknown}
 t - a potion of invisibility
 u - 8 potions of degeneration
 w - 3 potions of berserk rage {unknown}
 A - a potion of flight {unknown}
 E - 2 potions of curing {unknown}
 F - 2 potions of heal wounds {unknown}
 G - a potion of mutation {unknown}
Miscellaneous
 J - a tin of tremorstones (2/2)


   Skills:
 + Level 9.6 Fighting
 - Level 15.0 Long Blades
 - Level 1.0 Throwing
 + Level 11.6 Armour
 + Level 7.9 Shields


You had 10 spell levels left.
You didn't know any spells.
Your spell library was empty.

Dungeon Overview and Level Annotations

Branches:
Dungeon (11/15)            Temple (1/1) D:4            Lair (0/6) D:10
    Orc: D:9-12

Altars:
Elyvilon
Hepliaklqana
Ru
Sif Muna
Trog
Uskayaw
Wu Jian
Xom
Zin
The Shining One

Shops:
D:1 [   D:2 [

Annotations:
D:6 1 runed translucent door, WindUpCitrus's ghost, novice TrFi
D:7 1 runed translucent door, Jingleheimer's ghost, novice TrMo


Innate Abilities, Weirdness & Mutations

Your life essence is reduced to manifest your ancestor. (-10% HP)
You have a pair of horns on your head.
You reflexively headbutt those who attack you in melee.


Message History

The centaur shoots an arrow.
The arrow closely misses you.
The centaur shoots an arrow.
The arrow hits you but does no damage.
Septimus gestures at the centaur while chanting.
The centaur resists with some effort.
The orc wizard gestures at you while chanting.
You are confused.
The centaur shoots an arrow.
The arrow hits you!
You are too confused!
You hit the orc.
The orc is poisoned.
Your headbutt misses the orc.
The orc is moderately wounded.
The centaur shoots an arrow.
The arrow hits you but does no damage.
You miss Septimus. The orc hits you but does no damage. x3
You miss the orc. You headbutt the orc.
The orc is lightly wounded.
The centaur shoots an arrow.
The arrow hits you but does no damage. The orc hits you but does no damage. x2
You are cast into the Abyss!
This branch contains the abyssal rune of Zot.
You feel less confused.
A hellion comes into view.
The hellion gives a hideous shriek!
The hellion gestures at you.
The sphere of damnation explodes!
The damnation engulfs you!!
A small abomination comes into view.
A small abomination comes into view.
A tentacled starspawn comes into view.
The small abomination hits you.
The small abomination barely misses you.
The small abomination hits you!
You feel yourself growing ill in the presence of the ancient zyme.
The small abomination closely misses you.
A starcursed mass comes into view.
The hellion gestures at you.
The sphere of damnation explodes!
The damnation engulfs you!!
* * * LOW HITPOINT WARNING * * *
The small abomination closely misses you.
You furiously retaliate!
You headbutt the small abomination.
You feel ill. x2
The small abomination hits you!
You die...

#... .#x....#.# ##
#..X ##..X.# # #.#
##.## ##...#.#
...###...###......#
...#.....#x....#..#
.........x.....##.#
.#.....#......#.#
##..x###....#..#
##@## ##. ##.#.
#...# ..## #
#.....# .#
......... .#
..#.....#..
#.###...###... ##
##.## #.. ... ..


You could see a starcursed mass, a tentacled starspawn, an ancient zyme and 2
small abominations.

Vanquished Creatures
  2 two-headed ogres
  Maggie (D:6)
  2 kobold demonologists (D:10)
  A queen bee (shapeshifter) (D:9)
  4 trolls (D:10)
  A wraith (D:10)
  Eustachio (D:4)
  A wyvern (D:9)
  A shadow (D:11)
  2 steam dragons
  A vampire mosquito (D:10)
  Edmund (D:6)
  An acid dragon (D:10)
  Duvessa (D:4)
  4 water moccasins
  5 orc warriors
  3 black bears
  An ice beast (D:6)
  A necrophage (D:7)
  2 sky beasts
  An ogre (D:4)
  6 wolves (D:10)
  A centaur (D:8)
  3 kobold brigands
  Blork the orc (D:6)
  4 bullfrogs
  2 scorpions
  Dowan (D:4)
  12 killer bees
  5 wights
  5 howler monkeys
  An electric eel (D:10)
  A bullfrog zombie (D:5)
  6 centaur zombies
  2 hounds
  3 jellies
  A bullfrog skeleton (D:5)
  A centaur skeleton (D:4)
  9 orc priests
  An iguana (D:5)
  Terence (D:2)
  13 orc wizards
  A killer bee zombie (D:6)
  A hound zombie (D:5)
  Robin (D:2)
  2 howler monkey zombies
  5 gnolls
  6 adders
  A howler monkey skeleton (D:6)
  A shadow imp (D:5)
  3 white imps
  An ufetubus (D:6)
  An adder skeleton (D:4)
  3 worms
  4 dart slugs
  41 orcs
  8 endoplasms
  2 giant cockroaches
  10 hobgoblins
  4 jackals (D:2)
  13 kobolds
  A quokka (D:4)
  6 ball pythons
  4 bats
  3 frilled lizards
  15 goblins
  10 rats
  A spectral hobgoblin (D:3)
264 creatures vanquished.

Vanquished Creatures (collateral kills)
  A centaur zombie (D:10)
  A wraith (D:11)
  A hornet zombie (D:8)
  3 killer bees
  An electric eel (D:10)
  A hound (D:10)
  An orc wizard (D:10)
  A worm (D:5)
  6 orcs
16 creatures vanquished.

Vanquished Creatures (others)
  An ogre mage (D:10)
  An unseen horror (D:10)
  A yak (D:10)
  An orc warrior (D:10)
  A hexer (D:10)
  An ancestor (D:6)
  An orc (D:10)
  2 starspawn tentacles (Abyss:1)
9 creatures vanquished.

Grand Total: 289 creatures vanquished

Notes
Turn   | Place    | Note
-------+----------+-------------------------------------------
     0 | D:1      | nickcage the Minotaur Fighter began the quest for the Orb.
     0 | D:1      | Reached XP level 1. HP: 19/19 MP: 0/0
   367 | D:1      | Found Hiesog's Antique Armour Emporium.
   374 | D:1      | Reached skill level 3 in Long Blades
   500 | D:1      | Reached XP level 2. HP: 26/26 MP: 1/1
   914 | D:2      | Noticed Robin
   937 | D:2      | Reached skill level 4 in Long Blades
   947 | D:2      | Killed Robin
   948 | D:2      | Reached XP level 3. HP: 12/31 MP: 2/2
  1174 | D:2      | Found Vefoibih's Armour Emporium.
  1201 | D:2      | Reached skill level 5 in Long Blades
  1438 | D:2      | Reached XP level 4. HP: 39/39 MP: 3/3
  1499 | D:2      | Noticed Terence
  1517 | D:2      | Killed Terence
  1873 | D:2      | Reached skill level 6 in Long Blades
  2372 | D:3      | Reached XP level 5. HP: 45/45 MP: 4/4
  2545 | D:3      | Found a glowing golden altar of the Shining One.
  2610 | D:3      | Found a hide-covered altar of Uskayaw.
  2734 | D:3      | Reached skill level 7 in Long Blades
  2852 | D:3      | Found a faded altar of an unknown god.
  3148 | D:4      | Noticed an ogre
  3155 | D:4      | Noticed Eustachio
  3164 | D:4      | Killed an ogre
  3165 | D:4      | Reached skill level 8 in Long Blades
  3165 | D:4      | Reached XP level 6. HP: 51/51 MP: 5/5
  3177 | D:4      | Killed Eustachio
  3178 | D:4      | Reached skill level 9 in Long Blades
  3194 | D:4      | Reached XP level 7. HP: 28/57 MP: 6/6
  3361 | D:4      | Noticed Dowan
  3387 | D:4      | Killed Dowan
  3508 | D:4      | Found a staircase to the Ecumenical Temple.
  3518 | Temple   | Entered the Ecumenical Temple
  3565 | Temple   | Became a worshipper of Hepliaklqana the Forgotten
  3755 | D:4      | Reached skill level 10 in Long Blades
  4122 | D:4      | Found a bloodstained altar of Trog.
  4177 | D:4      | Noticed Duvessa
  4188 | D:4      | Killed Duvessa
  4650 | D:5      | Entered Level 5 of the Dungeon
  4739 | D:5      | Reached skill level 11 in Long Blades
  4815 | D:5      | Reached XP level 8. HP: 55/64 MP: 7/7
  5100 | D:5      | Noticed a two-headed ogre
  5106 | D:5      | HP: 2/64 [two-headed ogre/+0 great mace (19)]
  5640 | D:5      | Reached skill level 12 in Long Blades
  5640 | D:5      | Reached skill level 1 in Throwing
  5990 | D:6      | Noticed Edmund
  6002 | D:6      | Killed Edmund
  6023 | D:6      | Noticed Blork the orc
  6248 | D:6      | Killed Blork the orc
  6249 | D:6      | Reached skill level 13 in Long Blades
  6310 | D:6      | Reached * piety under Hepliaklqana
  6421 | D:6      | Noticed Maggie
  6941 | D:7      | Found an ornate altar of the Wu Jian Council.
  6941 | D:7      | Found a glowing silver altar of Zin.
  6949 | D:7      | Reached skill level 14 in Long Blades
  6949 | D:7      | Reached XP level 9. HP: 57/63 MP: 8/8
  7003 | D:7      | Found a runed translucent door.
  7011 | D:7      | Noticed Jingleheimer's ghost (novice TrMo)
  7514 | D:7      | Found a white marble altar of Elyvilon.
  7606 | D:7      | Reached skill level 15 in Long Blades
  8085 | D:8      | Noticed a two-headed ogre
  8179 | D:6      | Identified the +9 plate armour "Keenep" {Harm rN+}
  8414 | D:6      | Reached skill level 5 in Armour
  8425 | D:6      | Killed Maggie
  8426 | D:6      | Reached skill level 5 in Fighting
  8577 | D:6      | Found a shimmering blue altar of Sif Muna.
  8702 | D:6      | Reached ** piety under Hepliaklqana
  8703 | D:6      | Remembered your ancestor Septimus as a hexer
  8712 | D:6      | Found a runed translucent door.
  8759 | D:6      | Noticed WindUpCitrus's ghost (novice TrFi)
  8833 | D:6      | Found a sacrificial altar of Ru.
  9090 | D:5      | Killed a two-headed ogre
  9091 | D:5      | Reached XP level 10. HP: 57/75 MP: 9/9
  9143 | D:8      | Killed a two-headed ogre
  9144 | D:8      | Reached skill level 5 in Shields
 10703 | D:9      | Reached skill level 10 in Armour
 11161 | D:10     | Entered Level 10 of the Dungeon
 11282 | D:10     | Reached XP level 11. HP: 72/85 MP: 10/10
 11711 | D:10     | Found a staircase to the Lair.
 11856 | D:10     | Reached *** piety under Hepliaklqana
 11941 | D:10     | Noticed an ogre mage
 11947 | D:10     | Killed an ogre mage
 11986 | D:10     | Found a shimmering altar of Xom.
 12655 | D:11     | Cast into level 1 of the Abyss (orc)
 12706 | Abyss:1  | Noticed a tentacled starspawn
 12713 | Abyss:1  | Noticed a starcursed mass
 12719 | Abyss:1  | Mangled by a small abomination

Illustrated notes

Levels and vault maps discovered:
D:1:      roderic_lyre, layout_loops_ring, serial_shops, shop_statue
D:2:      layout_basic, serial_shops, nicolae_shop_behind_doors,
          dk_noncrumbling_3, serial_bayou_lagoon_a,
          hangedman_decor_diamond_cutter, uniq_robin, uniq_terence
D:3:      wad_crossroads, layout_basic, overflow_temple_1_default,
          nicolae_uskayaw_dance_hall, serial_glass, glass_columns_a,
          glass_columns_c, dreamdust_ecumenical_altar_drowned_temple
D:4:      layout_loops_ring, trog_hazing_becter, temple_hall, uniq_eustachio,
          uniq_duvessa
D:5:      layout_loops_ring, cheibrodos_sewer_entry_bend
D:6:      layout_basic, nicolae_overflow_hidden_temple, lemuel_crystal_altar,
          gammafunk_ghost_grave, st_stairs_13, uniq_edmund, uniq_maggie,
          uniq_blork_the_orc
D:7:      minmay_evil_eye, layout_basic, mainiacjoe_overflow_large_starburst,
          elyvilon_altar_5, ebering_ghost_reflecting_pool
D:8:      wander_river, layout_loops_cross, enter_bailey_7
D:9:      layout_loops_corners, grunt_ministairs_14
D:10:     layout_roguey, xom_confusion_cloud, erik_lair_island,
          wad_rectangle_vault
D:11:     layout_rooms, serial_shops, nicolae_shop_hallway_plus
Temple:   nicolae_temple_figure_eight
Abyss:1:  base:
D:8

Skill      XL: |  1  2  3  4  5  6  7  8  9 10 11 |
---------------+----------------------------------+-----
Long Blades    | 3 4 5 6 8 9 11 14 15 | 15.0
Throwing       | 1 |  1.0
Armour         | 7 10 11 | 11.6
Fighting       | 6 8 9 |  9.6
Shields        | 4 6 7 |  7.9

Action                   |  1- 3 |  4- 6 |  7- 9 | 10-12 || total
-------------------------+-------+-------+-------+-------++-------
Melee: Long sword        |    71 |   118 |   282 |   233 ||   704
       Headbutt          |     8 |    11 |    44 |    42 ||   105
Throw: Boomerang         |       |       |    20 |       ||    20
Invok: Ancestor Life: He |       |       |     1 |       ||     1
  Use: Potion            |       |     1 |       |       ||     1
       Scroll            |       |       |    13 |     2 ||    15
 Stab: Confused          |       |       |     1 |     2 ||     3
       Distracted        |       |       |       |     2 ||     2
Armor: Scale mail        |    27 |    64 |    72 |       ||   163
       Ring mail         |       |       |    36 |       ||    36
       Plate armour      |       |       |    16 |   124 ||   140
Dodge: Dodged            |    27 |    58 |   106 |    56 ||   247
Block: Buckler           |     9 |    25 |    48 |    95 ||   177
       Reflection        |       |       |       |     4 ||     4
